 Dungeon Crawl Stone Soup version 0.31-a0-1589-g8f5e8aebd6 (webtiles) character file.

Game seed: 6303891923889015198

2312 Ofeo the Trooper (level 9, -2/79 HPs)
             Began as a Purple Draconian Brigand on Jan 6, 2024.
             Slain by an orc warrior
             ... wielding a +2 heavy mace
              (14 damage)
             ... on level 7 of the Dungeon.
             The game lasted 00:08:52 (7825 turns).

Ofeo the Trooper (Purple Draconian Brigand)         Turns: 7825, Time: 00:08:53

Health: -2/79      AC: 10    Str: 14    XL:     9   Next: 18%
Magic:  8/8        EV: 21    Int: 15    God:
Gold:   356        SH:  0    Dex: 21    Spells: 8/8 levels left

rFire   + . .        m - +5 short sword (venom)
rCold   x . .        (no shield)
rNeg    . . .        (body armour unavailable)
rPois   .            (helmet restricted)
rElec   .            b - +0 cloak
rCorr   .            (no gloves)
SInv    .            l - +1 pair of boots
Will    +....        h - amulet of the acrobat
Stlth   ++++         j - ring of Hiphib {Fire Int+4 Dex+4}
HPRegen 0.33/turn    i - +5 ring of evasion
MPRegen 0.11/turn

%: acrobat
@: mighty, brilliant, flying
A: breathe power, AC +7, unfitting armour, cold-blooded, big wings, low MP 1,
teleportitis 1
a: Breathe Dispelling Energy


You were on level 7 of the Dungeon.
You visited 1 branch of the dungeon, and saw 7 of its levels.

You collected 356 gold pieces.

Inventory:

Hand Weapons
 a - a +2 dagger
 e - a +0 rapier
 m - a +5 short sword of venom (weapon)
Missiles
 c - 29 poisoned darts
 d - 4 curare-tipped darts
 v - 2 throwing nets
Armour
 b - a +0 cloak (worn)
 l - a +1 pair of boots (worn)
Jewellery
 h - an amulet of the acrobat (around neck)
 i - a +5 ring of evasion (right hand)
 j - the ring of Hiphib (left hand) {Fire Int+4 Dex+4}
   (You found it on level 2 of the Dungeon)

   [ring of fire]

   Fire:      It enhances your fire magic.
   Int+4:     It affects your intelligence (+4).
   Dex+4:     It affects your dexterity (+4).
   rF+:       It protects you from fire.
   rC-:       It makes you vulnerable to cold.
 k - a ring of wizardry
 t - an amulet of magic regeneration
Scrolls
 f - a scroll of poison
 g - 2 scrolls of vulnerability
 p - 4 scrolls of immolation
Potions
 n - a potion of attraction
 q - 7 potions of curing {@q1}
 r - a potion of resistance {@q6}
 s - 2 potions of brilliance


   Skills:
 + Level 7.3 Fighting
 + Level 5.7 Short Blades
 - Level 1.7 Throwing
 + Level 5.8 Dodging
 + Level 7.3 Stealth


You had 8 spell levels left.
You didn't know any spells.
Your spell library contained the following spells:

 Spells                   Type           Power      Damage    Failure   Level
 Scorch                   Fire           0%         2d5       38%         2
 Flame Wave               Conj/Fire      0%         2d4       95%         4
 Summon Cactus Giant      Summ           0%         N/A       100%        6


Dungeon Overview and Level Annotations

Branches:
Dungeon (7/15)             Temple (0/1) D:5

Altars:
Hepliaklqana
Trog

Portals:
Abyss: D:6

Annotations:
D:4 2 runed translucent doors, Azoth's ghost, novice DEEE
D:6 2 transporters, Sonofthefire's ghost, novice OpSh
D:7 Dowan; Duvessa


Innate Abilities, Weirdness & Mutations

You can breathe bolts of dispelling energy.
Your rich purple scales are hard. (AC +7)
You cannot fit into any form of body armour.
You are cold-blooded and may be slowed by cold attacks.
Your large and strong wings let you fly.
Your magical capacity is low. (-10% MP)
You are occasionally teleported next to monsters.


Message History

The orc closely misses you. The orc priest misses you.
You puncture the orc priest!
The orc priest is poisoned.
The orc priest is almost dead.
The orc completely misses you. The orc misses you.
The orc priest mumbles some strange prayers to Beogh against you.
Beogh smites you!
* * * LOW HITPOINT WARNING * * *
You take 14 damage, and have 3/79 hp.
You feel better. The orc misses you. The orc priest misses you.
You regained 6 hp, and now have 9/79 hp.
It was a potion of might.
You feel very mighty all of a sudden.
You kill the orc priest!
The orc misses you. The orc completely misses you.
Things that are here:
a +0 war axe; a +0 hand axe; an orc corpse You hit the orc.
The orc is poisoned.
The orc is almost dead.
You kill the orc!
The orc warrior closely misses you.
It was a potion of brilliance.
You feel clever all of a sudden. The orc barely misses you.
You feel better.
The orc warrior hits you with a +2 heavy mace!
* * * LOW HITPOINT WARNING * * *
The orc completely misses you.
You puncture the orc priest!
The orc priest is severely wounded.
You puncture the orc priest!
You kill the orc priest!
The orc closely misses you. The orc warrior closely misses you.
You completely miss the orc warrior. The orc hits you but does no damage.
You barely miss the orc warrior. You puncture the orc warrior!
The orc warrior is poisoned.
You tail-slap the orc warrior, but do no damage.
The orc warrior is heavily wounded.
The orc warrior hits you with a +2 heavy mace!
You die...

########### #.........#
#.........# #.........#
#.........# #.........#
#.oo......# #.)@......#
####.....#####....# ..
#..#.....#...#....# ...
#..#.....#...+[...# ...
#..#.....#...#o...#
###'##..#.[...#...#o...#
........#..o..#...#O...#
........#.....#...#....#
..e...eeoo....#...'....#


You could see an orc warrior (very poisoned) and an orc.

Vanquished Creatures
  2 vampire mosquitoes (D:6)
  A water moccasin (D:6)
  2 orc warriors
  A black bear (D:3)
  A sky beast (D:6)
  2 ogres
  A phantom (D:5)
  3 kobold brigands (D:6)
  A wight (D:6)
  A killer bee (D:6)
  A howler monkey (D:6)
  3 bombardier beetles
  2 jellies
  2 orc priests (D:7)
  3 gnoll boudas
  2 hounds (D:6)
  A sleepcap (D:5)
  4 orc wizards
  5 iguanas
  17 gnolls
  6 adders
  A shadow imp (D:5)
  3 white imps
  2 ribbon worms (D:3)
  2 dart slugs
  22 orcs
  6 bats
  11 endoplasms
  3 giant cockroaches
  7 goblins
  6 hobgoblins
  A jackal (D:4)
  4 quokkas
  5 ball pythons
  2 frilled lizards
  10 kobolds
  3 rats
149 creatures vanquished.

Notes
Turn   | Place    | Note
-------+----------+-------------------------------------------
     0 | D:1      | Ofeo the Draconian Brigand began the quest for the Orb.
     0 | D:1      | Reached XP level 1. HP: 17/17 MP: 1/1
    19 | D:1      | Reached skill level 1 in Dodging
    34 | D:1      | Reached XP level 2. HP: 19/25 MP: 2/2
   860 | D:2      | Gained mutation: You are occasionally teleported next to
                  | monsters. [potion of mutation]
   860 | D:2      | Gained mutation: Your magical capacity is low. (-10% MP)
                  | [potion of mutation]
   860 | D:2      | Gained mutation: Your large and strong wings let you fly.
                  | [potion of mutation]
   870 | D:2      | Reached XP level 3. HP: 4/31 MP: 2/2
  1114 | D:2      | Reached XP level 4. HP: 36/38 MP: 3/3
  1398 | D:2      | You are sucked into a shaft and drop 2 floors!
  1424 | D:4      | Noticed a black bear
  2540 | D:3      | Killed a black bear
  2541 | D:3      | Reached XP level 5. HP: 4/46 MP: 4/4
  2972 | D:2      | Identified the ring of Hiphib {Fire Int+4 Dex+4}
  3317 | D:3      | Reached XP level 6. HP: 31/53 MP: 5/5
  3501 | D:4      | Reached skill level 5 in Stealth
  3812 | D:4      | Found a runed translucent door.
  3818 | D:4      | Noticed Azoth's ghost (novice DEEE)
  3827 | D:4      | Found a hazy altar of Hepliaklqana.
  3920 | D:4      | Found a runed translucent door.
  4672 | D:4      | Found a bloodstained altar of Trog.
  5029 | D:4      | Reached skill level 5 in Fighting
  5029 | D:4      | Your scales start taking on a rich purple colour.
  5029 | D:4      | Reached XP level 7. HP: 61/61 MP: 6/6
  5279 | D:5      | Entered Level 5 of the Dungeon
  5882 | D:5      | Found a staircase to the Ecumenical Temple.
  6050 | D:6      | Reached XP level 8. HP: 42/70 MP: 7/7
  6590 | D:6      | Reached skill level 5 in Dodging
  6765 | D:6      | Found a transporter.
  6774 | D:6      | Found a transporter.
  6785 | D:6      | Found a one-way gate to the infinite horrors of the Abyss.
  6785 | D:6      | Noticed Sonofthefire's ghost (novice OpSh)
  6797 | D:6      | Noticed a white ugly thing
  6797 | D:6      | Noticed a hell hog
  7075 | D:6      | Reached skill level 5 in Short Blades
  7174 | D:6      | Reached XP level 9. HP: 73/79 MP: 8/8
  7766 | D:7      | Noticed Dowan
  7771 | D:7      | Noticed Duvessa
  7814 | D:7      | HP: 3/79 [orc priest/divine providence (14)]
  7825 | D:7      | Slain by an orc warrior

Illustrated notes

Levels and vault maps discovered:
D:1:      lightli_arrival_flooded_house, layout_basic, minmay_nonomino_d4
D:2:      layout_basic
D:3:      layout_loops_ring, serial_rivers, chequers_serial_rivers_micro_b,
          chequers_serial_rivers_small_3, chequers_serial_rivers_large_a,
          chequers_serial_rivers_room_a, chequers_serial_rivers_micro_a,
          chequers_serial_rivers_large_b
D:4:      minmay_bubble_buster, layout_layer_cave, lemuel_round_altar,
          lemuel_round_altar, ebering_ghost_sewer_f
D:5:      layout_rooms, minmay_temple_entry_enclosed_plants
D:6:      layout_loops_ring, gammafunk_ghost_abyssal_escape, minmay_bent
D:7:      layout_gridville, vehumet_statue, grunt_qazlal_clouds,
          enter_ossuary_4, uniq_duvessa

Skill      XL: |  1  2  3  4  5  6  7  8 |
---------------+-------------------------+-----
Dodging        | 1 2 3 4 5 |  5.8
Stealth        | 4 5 6 7 |  7.3
Fighting       | 3 4 5 7 |  7.3
Short Blades   | 4 5 |  5.7
Throwing       | |  1.7

Action                     |  1- 3 |  4- 6 |  7- 9 || total
---------------------------+-------+-------+-------++-------
  Melee: Dagger            |    53 |    60 |       ||   113
         Tailslap          |     9 |    17 |    47 ||    73
         Short sword       |       |    77 |   292 ||   369
         Punch             |       |       |     2 ||     2
  Throw: Dart              |     3 |     1 |       ||     4
Ability: Breathe Dispellin |       |       |     4 ||     4
    Use: Potion            |     4 |       |     4 ||     8
         Scroll            |     2 |       |     6 ||     8
   Stab: Sleeping          |     9 |    15 |     2 ||    26
 Armour: Skin              |    30 |    73 |   102 ||   205
  Dodge: Dodged            |    34 |    98 |   220 ||   352

Table legend: (Time is in decaauts)
 A = Elapsed time spent in this place.
 B = Non-inter-level travel time spent in this place.
 C = Inter-level travel time spent in this place.
 D = Time resting spent in this place.
 E = Time spent auto-exploring this place.
 F = Levels seen in this place.
 G = Mean time per level.
                   A        B        C        D        E       F      G
               +--------+--------+--------+--------+--------+-----+--------+
         Total |   7745 |   7474 |    271 |    796 |   5501 |   7 | 1106.4 |
       Dungeon |   7745 |   7474 |    271 |    796 |   5501 |   7 | 1106.4 |
               +--------+--------+--------+--------+--------+-----+--------+

Top non-repeatable levels by time:
     D:4: 1866 daAuts
     D:3: 1591 daAuts
     D:6: 1355 daAuts
     D:5: 998 daAuts
     D:2: 954 daAuts
     D:1: 850 daAuts
     D:7: 129 daAuts
